 Dungeon Crawl Stone Soup version 0.27-a0-909-g0721f309d1 (webtiles) character file.

Game seed: 3791013239779474396

2228 lunkers the Thaumaturge (level 9, -5/67 HPs)
             Began as a Djinni Earth Elementalist on Apr 8, 2021.
             Was an Initiate of Makhleb.
             Slain by a vampire mosquito (13 damage)
             ... on level 7 of the Dungeon.
             The game lasted 00:05:27 (8507 turns).

lunkers the Thaumaturge (Djinni Earth Elementalist) Turns: 8507, Time: 00:05:28

Health: -5/67      AC:  3    Str:  7    XL:     9   Next: 36%
Gold:   277        EV: 12    Int: 19    God:    Makhleb [......] SH:  5 Dex: 15

rFire    + + .     SeeInvis .   u - +5 morningstar "Sistriet" {venom, rPois rC+ Stlth-}
rCold    . . .     Faith    .   i - +0 buckler
rNeg     . . .     Spirit   .   c - +0 robe
rPois    ∞         Reflect  .   (no helmet)
rElec    .         Harm     .   k - +0 cloak
rCorr    .         Rampage  .   (no gloves)
Will     +....                  (boots unavailable)
Stlth    +.........             (no amulet)
HPRegen  0.21/turn              h - ring of willpower
MPRegen  0.00/turn              (no ring)

@: flying
A: fire resistance 2, cold vulnerability 1, float, innate caster, hp casting,
extra vitality 1
a: Renounce Religion


You were on level 7 of the Dungeon.
You worshipped Makhleb.
Makhleb was noncommittal.
You visited 2 branches of the dungeon, and saw 8 of its levels.

You collected 277 gold pieces.

Inventory:

Hand Weapons
 u - the +5 morningstar "Sistriet" (weapon) {venom, rPois rC+ Stlth-}
   (You found it on level 7 of the Dungeon)

   It poisons the flesh of those it strikes.
   It protects you from cold.
   It protects you from poison.
   It makes you less stealthy.
Missiles
 b - 194 stones
 n - a throwing net
 y - a curare-tipped dart
Armour
 c - a +0 robe (worn)
 i - a +0 buckler (worn)
 k - a +0 cloak (worn)
Magical Staves
 w - a staff of fire
Jewellery
 h - a ring of willpower (left hand)
Wands
 t - a wand of mindburst (17)
Scrolls
 a - 5 scrolls of teleportation
 d - a scroll of torment {unknown}
 e - 2 scrolls of enchant weapon
 g - a scroll of amnesia {unknown}
 l - a scroll of fog {unknown}
 m - a scroll of blinking {unknown}
 o - a scroll of brand weapon {unknown}
 q - a scroll of immolation {unknown}
 r - 2 scrolls of enchant armour {unknown}
 s - 2 scrolls of fear {unknown}
 z - a scroll of noise {unknown}
Potions
 f - 3 potions of curing
 j - a potion of brilliance {unknown}
 p - 2 potions of heal wounds
 v - a potion of attraction
 x - a potion of ambrosia {unknown}


   Skills:
 + Level 6.4 Fighting
 - Level 2.1 Dodging
 - Level 1.5 Stealth
 - Level 4.0 Shields
 * Level 8.3 Spellcasting


You couldn't memorise any spells.
You knew the following spells:

 Your Spells              Type           Power      Damage    Failure   Level
a - Stone Arrow           Conj/Erth      78%        3d11      1%          3
b - Passwall              Tmut/Erth      32%        N/A       1%          2
c - Sandblast             Erth           78%        2d17      1%          1
d - Petrify               Tmut/Erth      39%        N/A       2%          4
e - Lee's Rapid Deconstr  Erth           19%        3d12*     8%          5
f - Animate Skeleton      Necr           78%        N/A       1%          1
g - Swiftness             Air            39%        N/A       1%          2
h - Call Canine Familiar  Summ           39%        N/A       1%          3
i - Animate Dead          Necr           19%        N/A       2%          4
Your spell library was empty.

Dungeon Overview and Level Annotations

Branches:
Dungeon (7/15)             Temple (1/1) D:6

Altars:
Ashenzari
Cheibriados
Elyvilon
Fedhas
Gozag
Hepliaklqana
Kikubaaqudgha
Makhleb
Nemelex Xobeh
Qazlal
Ru
Sif Muna
Trog
Uskayaw
Wu Jian
Yredelemnul
Zin
The Shining One

Shops:
D:6 :

Annotations:
D:5 2 transporters, thegreatwait's ghost, novice MiGl


Innate Abilities, Weirdness & Mutations

You are immune to poison.
Your flesh is very heat resistant. (rF++)
You are vulnerable to cold. (rC-)
You float through the air rather than walking.
You learn spells naturally, not from books.
Your magical power is your life essence.
You have superior vitality. (+4 HP)


Message History

* * * LOW HITPOINT WARNING * * *
Casting: Stone Arrow (safe; 1% risk of failure)
Confirm with . or Enter, or press ? or * to list all spells.
Aiming: Stone Arrow (safe; 1% risk of failure)
Press: ? - help, Shift-Dir - straight line, f/p - vampire mosquito
Aim: a vampire mosquito (moderately damaged, 43% to evade)
The stone arrow misses the vampire mosquito.
* * * LOW HITPOINT WARNING * * *
The vampire mosquito bites you.
* * * LOW HITPOINT WARNING * * *
The vampire mosquito bites you!
* * * LOW HITPOINT WARNING * * *
The vampire mosquito bites you.
* * * LOW HITPOINT WARNING * * *
The vampire mosquito bites you!
* * * LOW HITPOINT WARNING * * *
Casting: Stone Arrow (safe; 1% risk of failure)
Confirm with . or Enter, or press ? or * to list all spells.
Aiming: Sandblast (safe; 1% risk of failure)
Press: ? - help, Shift-Dir - straight line, f/p - vampire mosquito
Aim: a vampire mosquito (moderately damaged, 30% to evade)
The blast of sand misses the vampire mosquito.
* * * LOW HITPOINT WARNING * * *
The vampire mosquito barely misses you.
You block the vampire mosquito's attack.
The vampire mosquito misses you. The vampire mosquito barely misses you.
Unknown command.
Unknown command.
Casting: Sandblast (safe; 1% risk of failure)
Confirm with . or Enter, or press ? or * to list all spells.
Aiming: Sandblast (safe; 1% risk of failure)
Press: ? - help, Shift-Dir - straight line, f/p - vampire mosquito
Aim: a vampire mosquito (moderately damaged, 30% to evade)
The blast of sand hits the vampire mosquito!!
You destroy the vampire mosquito!
Makhleb accepts your kill.
* * * LOW HITPOINT WARNING * * *
The vampire mosquito completely misses you.
The vampire mosquito bites you!
You die...

..#># ######+#'## ..#.#
#.........# .#.#
#.........# #.........#
## ##.........# .####
...........#
....#####........#+##
###..)).).......†#.#####
....#########...@y......
.#### ######.##### ## .#
#


You could see a vampire mosquito.

Vanquished Creatures
  2 vampire mosquitoes (D:7)
  An ice beast (D:7)
  A sky beast (D:7)
  4 black bears
  3 ogres
  2 centaurs (D:6)
  A kobold brigand (D:7)
  A bullfrog (D:6)
  4 scorpions
  A water moccasin skeleton (D:6)
  2 bullfrog skeletons
  A centaur zombie (D:7)
  3 hounds
  2 orc priests (D:7)
  2 jellies
  A gnoll shaman (D:5)
  3 iguanas
  Terence (D:3)
  An orc wizard (D:7)
  A killer bee zombie (D:7)
  A howler monkey zombie (D:7)
  10 gnolls
  4 adders
  A shadow imp (D:7)
  2 ufetubi
  An adder zombie (D:5)
  2 worms
  2 dart slugs
  12 orcs
  5 bats
  8 endoplasms
  3 giant cockroaches
  9 goblins
  4 hobgoblins
  A quokka (D:1)
  4 ball pythons (D:1)
  4 frilled lizards
  7 kobolds
  9 rats
126 creatures vanquished.

Notes
Turn   | Place    | Note
-------+----------+-------------------------------------------
     0 | D:1      | lunkers the Djinni Earth Elementalist began the quest for
                  | the Orb.
     0 | D:1      | Reached XP level 1. HP: 15/15 MP: 0/0
   177 | D:1      | Reached skill level 3 in Spellcasting
   177 | D:1      | Reached XP level 2. HP: 21/22 MP: 0/0
   277 | D:1      | Found a faded altar of an unknown god.
   374 | D:1      | Reached skill level 1 in Fighting
   736 | D:1      | Reached XP level 3. HP: 24/27 MP: 0/0
   736 | D:1      | Learned a level 1 spell: Animate Skeleton
  1726 | D:2      | Reached XP level 4. HP: 26/33 MP: 0/0
  2091 | D:2      | Found a sacrificial altar of Ru.
  2680 | D:3      | Reached skill level 4 in Spellcasting
  3064 | D:3      | Noticed Terence
  3074 | D:3      | Killed Terence
  3075 | D:3      | Reached XP level 5. HP: 19/39 MP: 0/0
  3075 | D:3      | Learned a level 2 spell: Swiftness
  3560 | D:4      | Noticed a black bear
  3563 | D:4      | Killed a black bear
  3570 | D:4      | Reached XP level 6. HP: 37/46 MP: 0/0
  3630 | D:4      | Reached skill level 5 in Spellcasting
  4651 | D:5      | Entered Level 5 of the Dungeon
  4663 | D:5      | Found a transporter.
  4666 | D:5      | Noticed thegreatwait's ghost (novice MiGl)
  4673 | D:5      | Found a transporter.
  4683 | D:5      | Reached XP level 7. HP: 45/51 MP: 0/0
  4683 | D:5      | Learned a level 3 spell: Call Canine Familiar
  4927 | D:5      | Reached skill level 6 in Spellcasting
  5679 | D:5      | Reached XP level 8. HP: 46/58 MP: 0/0
  6063 | D:6      | Found a staircase to the Ecumenical Temple.
  6089 | Temple   | Entered the Ecumenical Temple
  6305 | Temple   | Became a worshipper of Makhleb the Destroyer
  6477 | D:6      | Reached skill level 5 in Fighting
  6477 | D:6      | Reached skill level 1 in Shields
  6661 | D:6      | Reached skill level 7 in Spellcasting
  7035 | D:6      | Found Qeaguimee's Book Boutique.
  7673 | D:7      | Identified the +5 morningstar "Sistriet" {venom, rPois rC+
                  | Stlth-}
  7680 | D:7      | Reached XP level 9. HP: 57/66 MP: 0/0
  7680 | D:7      | Learned a level 4 spell: Animate Dead
  7836 | D:7      | Reached skill level 8 in Spellcasting
  8507 | D:7      | Slain by a vampire mosquito

Illustrated notes

Levels and vault maps discovered:
D:1:      giann_forest_graveyard, layout_loops_ring, basic_ecumenical_altar,
          serial_forest, infiniplex_forest_end_2, infiniplex_forest_clump_cross,
          infiniplex_forest_zigzag_1, infiniplex_forest_straight_2,
          infiniplex_forest_side_room, chequers_serial_rivers_large_a
D:2:      layout_basic, basic_altar, moated_statue
D:3:      layout_basic, minmay_misc_feat_diagonals, chequers_arboretum,
          minmay_misc_feat_tiny, kennysheep_another_room, uniq_terence
D:4:      layout_basic
D:5:      layout_basic, gammafunk_ghost_arena, grunt_decor_cap
D:6:      layout_loops_ring, minmay_temple_entry_mini_moons, serial_shops, shop
D:7:      minmay_general_purpose_star, layout_basic
Temple:   dpeg_five_rooms_temple

Skill      XL: |  1  2  3  4  5  6  7  8  9 |
---------------+----------------------------+-----
Spellcasting   | 3 4 5 6 7 8 |  8.3
Fighting       | 1 2 3 4 5 6 |  6.4
Shields        | 3 4 |  4.0
Dodging        | |  2.1
Stealth        | |  1.5

Action                   |  1- 3 |  4- 6 |  7- 9 || total
-------------------------+-------+-------+-------++-------
Melee: Unarmed           |       |     2 |       ||     2
 Cast: Sandblast         |    54 |    41 |     2 ||    97
       Stone Arrow       |       |    27 |    93 ||   120
  Use: Scroll            |       |     2 |     4 ||     6
Armor: Robe              |     2 |     2 |     3 ||     7
Dodge: Dodged            |     5 |    10 |    16 ||    31
Block: Buckler           |       |       |     6 ||     6

Table legend: (Time is in decaauts)
 A = Elapsed time spent in this place.
 B = Non-inter-level travel time spent in this place.
 C = Inter-level travel time spent in this place.
 D = Time resting spent in this place.
 E = Time spent auto-exploring this place.
 F = Levels seen in this place.
 G = Mean time per level.
                   A        B        C        D        E       F      G
               +--------+--------+--------+--------+--------+-----+--------+
         Total |   8505 |   7928 |    577 |    426 |   6882 |   8 | 1063.1 |
       Dungeon |   8236 |   7711 |    525 |    426 |   6670 |   7 | 1176.6 |
        Temple |    268 |    216 |     52 |      0 |    212 |   1 |  268.0 |
               +--------+--------+--------+--------+--------+-----+--------+

Top non-repeatable levels by time:
     D:1: 1446 daAuts
     D:5: 1369 daAuts
     D:4: 1214 daAuts
     D:7: 1123 daAuts
     D:6: 1093 daAuts
     D:2: 1066 daAuts
     D:3: 922 daAuts
  Temple: 268 daAuts
